 Dungeon Crawl Stone Soup version 0.25-a0-292-gaa31f046c4 (webtiles) character file.

Game seed: 316448681031653856, levelgen mode: deterministic

25 Lanoc the Cudgeler (level 3, -4/26 HPs)
             Began as an Octopode Chaos Knight on Dec 15, 2019.
             Was a Plaything of Xom.
             Slain by a hobgoblin
             ... wielding a +0 club
              (5 damage)
             ... on level 1 of the Dungeon.
             The game lasted 00:00:51 (274 turns).

Lanoc the Cudgeler (Octopode Chaos Knight)           Turns: 274, Time: 00:00:52

Health: -4/26      AC:  1    Str: 11    XL:     3   Next: 4%
Magic:  3/3        EV: 19    Int: 15    God:    Xom [.*....]
Gold:   45         SH:  0    Dex: 16    Spells: 2/2 levels left

rFire    . . .     SeeInvis .   a - +0 mace (chaos)
rCold    . . .     Gourm    .   (no shield)
rNeg     . . .     Faith    .   (helmet restricted)
rPois    .         Spirit   .   (no amulet)
rElec    .         Reflect  .   c - ring of flight
rCorr    .         Harm     .   e - ring of teleportation (curse)
MR       .....     Rnd*Tele +   (no ring)
Stlth    +++.......             (no ring)
HPRegen  0.08/turn              (no ring)
MPRegen  0.08/turn              (no ring)
                                (no ring)
                                (no ring)

@: agile
A: almost no armour, stealthy swim, amphibious, 8 rings, constrict 8, camouflage
1, gelatinous body 1
a: Renounce Religion, Evoke Flight


You were on level 1 of the Dungeon.
You worshipped Xom.
You were a plaything of Xom.
You were not hungry.

You visited 1 branch of the dungeon, and saw 1 of its levels.

You collected 45 gold pieces.

Inventory:

Hand Weapons
 a - a +0 mace of chaos (weapon)
Jewellery
 c - a ring of flight (left tentacle)
 e - a cursed ring of teleportation (right tentacle)
Scrolls
 d - a scroll of remove curse {unknown}
 g - a scroll of fog {unknown}
Potions
 f - a potion of haste {unknown}
 h - a potion of flight {unknown}
Comestibles
 b - 3 rations


   Skills:
 + Level 3.3 Fighting
 * Level 3.6 Maces & Flails
 + Level 2.7 Dodging


You had 2 spell levels left.
You didn't know any spells.
Your spell library was empty.

Dungeon Overview and Level Annotations

Branches:
Dungeon (1/15)

Altars:


Innate Abilities, Weirdness & Mutations

You cannot wear most types of armour.
You are very stealthy in the water. (Stealth+)
You are amphibious.
You can wear up to eight rings at the same time.
You can use your tentacles to constrict eight enemies at once.
Your skin changes colour to match your surroundings (Stealth+).
Your rubbery body absorbs attacks. (AC +1, EV +1)


Message History

A goblin comes into view.
A dart slug comes into view.
The goblin shouts!
You hit the hobgoblin.
The hobgoblin flickers and vanishes!
Deactivating autopickup; reactivate with Ctrl-A.
Something hits you.
Something hits you. "Go forth and cause havoc, mortal!"
You feel agile all of a sudden. The goblin completely misses you.
You sock the goblin! You burn the goblin.
You kill the goblin!
Something hits you. The dart slug launches a dart at you.
The slug dart hits you!
* * * LOW HITPOINT WARNING * * *
Unknown command.
You hit something.
You feel better. Something hits you.
* * * LOW HITPOINT WARNING * * *
You barely miss something. Your squeeze misses something. Something hits you.
You die...

.....###.....# #. .
#.......... ###.####.
#####...... .........
##.......
........#.######........
.....(..#...##..........
.....w..##.......#......
........#...#...####...#
.......@..#...#.......#.
.....>.{.#......####.#..
.................##..#..
#....######.........##..
..##. #.....##...... . .
####.###....###.. #
#........#### #..
#.......## #.. #.......#
##.


You could see a dart slug.

Vanquished Creatures
  2 oozes (D:1)
  A leopard gecko (D:1)
  A giant cockroach (D:1)
  2 goblins (D:1)
  3 hobgoblins (D:1)
  2 kobolds (D:1)
  3 bats (D:1)
14 creatures vanquished.

Notes
Turn   | Place    | Note
-------+----------+-------------------------------------------
     0 | D:1      | Lanoc the Octopode Chaos Knight began the quest for the
                  | Orb.
     0 | D:1      | Reached XP level 1. HP: 16/16 MP: 1/1
    23 | D:1      | Reached XP level 2. HP: 14/21 MP: 2/2
   137 | D:1      | XOM: divination: magic mapping
   232 | D:1      | XOM: silly message
   260 | D:1      | Reached XP level 3. HP: 19/26 MP: 3/3
   271 | D:1      | XOM: potion effect (agility)
   273 | D:1      | HP: 1/26 [something (4)]
   274 | D:1      | Slain by a hobgoblin

Levels and vault maps discovered:
D:1:      sevenhm_arrival_forest_fort_small_4, layout_rooms

Action                   || total
-------------------------++-------
Melee: Mace              ||    28
       Constrict         ||     7
       Tentacles         ||     2
 Stab: Sleeping          ||     4
Armor: Skin              ||     3
Dodge: Dodged            ||    18

Table legend:
 A = Non-vault XP
 B = Vault XP
 C = Vault XP percentage of total XP
 D = Non-vault monster count
 E = Vault monster count
 F = Vault count percentage of total count
                 A         B        C        D         E       F
            +---------+---------+-------+---------+---------+-------
      Total |      36 |       0 |   0.0 |      14 |       0 |   0.0
            +---------+---------+-------+---------+---------+-------
        D:1 |      36 |       0 |   0.0 |      14 |       0 |   0.0
            +---------+---------+-------+---------+---------+-------
